[Event "Early-Titled-Tuesday-Blitz-August-29-2023"]
[Site "Chess.com"]
[Date "2023.08.29"]
[Round "6"]
[White "GiorgianBarbosa"]
[Black "Tomytoteph"]
[Result "0-1"]
[WhiteElo "2453"]
[BlackElo "2631"]
[TimeControl "180+1"]
[EndTime "9:01:46 PDT"]
[Termination "Tomytoteph won by checkmate"]

1. c4 e5 2. g3 Nc6 3. Bg2 Bc5 4. e3 a6 5. Ne2 Ba7 6. O-O d6 7. b3 h5 8. d4 h4 9. Nbc3 hxg3 10.
hxg3 Qg5 11. Nd5 Qh6 12. Re1 Qh2+ 13. Kf1 Bh3 14. Nef4 exf4 15. exf4+ Kd8 16. Bxh3 Qxh3+ 17. Ke2 Nxd4+ 18. Kd3 Qf5+ 19. Kc3 Rh2 20. Be3 c5 21. Kb2 Nf6 22. Bxd4 cxd4 23. Ne7 Rxf2+ 24. Ka3 Qa5# 0-1

[Event "Early-Titled-Tuesday-Blitz-August-29-2023"]
[Site "Chess.com"]
[Date "2023.08.29"]
[Round "6"]
[White "KVAIDAN"]
[Black "maksimys18"]
[Result "0-1"]
[WhiteElo "2375"]
[BlackElo "2515"]
[TimeControl "180+1"]
[EndTime "9:02:08 PDT"]
[Termination "maksimys18 won by resignation"]

1. f4 e6 2. Nf3 d5 3. e3 c5 4.
b3 Nc6 5. Bb5 Nf6 6. Bb2 Be7 7.
Ne5 Qb6 8. a4 O-O 9. Bxc6 bxc6 10. a5 Qc7 11. O-O Nd7 12. Rf3 Nxe5 13. Bxe5 Bd6 14.
Bb2 e5 15. Rg3 f6 16. fxe5 Bxe5 17. Bxe5 Qxe5 18. Nc3 d4 19. Na4 Ba6 20. Qf3 dxe3 21. Re1 e2 22. d3 Rae8 23. Qxc6 Qd4+ 24. Kh1 Qf2 0-1

[Event "Early-Titled-Tuesday-Blitz-August-29-2023"]
[Site "Chess.com"]
[Date "2023.08.29"]
[Round "6"]
[White "isaak2009"]
[Black "Eternauta2400"]
[Result "0-1"]
[WhiteElo "2551"]
[BlackElo "2793"]
[TimeControl "180+1"]
[EndTime "9:02:17 PDT"]
[Termination "Eternauta2400 won by resignation"]

1. d4 Nf6 2. c4 e6 3. Nc3 Bb4 4.
e3 d5 5. cxd5 exd5 6. Bd3 O-O 7.
a3 Bd6 8. Qc2 Re8 9. Nge2 c5 10.
dxc5 Bxc5 11. b4 Bb6 12. Bb2 Nc6 13. Na4 Bc7 14. Nc5 h6 15. Rc1 Ne5 16. Bd4 b6 17. Nb3 Bd7 18. Bf5 Bd6 19. Bxd7 Qxd7 20. O-O Rac8 21. Rb1 Rxc2 0-1

[Event "Early-Titled-Tuesday-Blitz-August-29-2023"]
[Site "Chess.com"]
[Date "2023.08.29"]
[Round "6"]
[White "averageFM"]
[Black "Truequitos"]
[Result "1-0"]
[WhiteElo "2515"]
[BlackElo "2384"]
[TimeControl "180+1"]
[EndTime "9:02:20 PDT"]
[Termination "averageFM won by resignation"]

1. e4 e6 2. d4 d5 3. exd5 exd5 4. Nf3 c5 5. Bb5+ Nc6 6. O-O Be7 7. Ne5 Bd7 8. Bxc6 bxc6 9. Qh5 g6 10. Qf3 Nf6 11. Bh6 Bf8 12. Re1 Be7 13. Bg7 Qa5 14. Nc3 cxd4 15. Bxh8 dxc3 16. Bxf6 cxb2 17. Bxe7 1-0

[Event "Early-Titled-Tuesday-Blitz-August-29-2023"]
[Site "Chess.com"]
[Date "2023.08.29"]
[Round "6"]
[White "gm_rashid"]
[Black "ErikRonka"]
[Result "1-0"]
[WhiteElo "2390"]
[BlackElo "2489"]
[TimeControl "180+1"]
[EndTime "9:02:56 PDT"]
[Termination "gm_rashid won by resignation"]

1. e4 c5 2. Nf3 e6 3. d4 cxd4 4. Nxd4 Nf6 5. Nc3 d6 6. g4 h6 7. Rg1 Nc6 8. Be3 Be7 9. h4 d5 10. exd5 Nxd5 11. Nxd5 Qxd5 12. g5 hxg5 13. hxg5 Nxd4 14.
Qxd4 Qxd4 15. Bxd4 Rh5 16. g6 Bf6 17. Bxf6 gxf6 18.
g7 1-0

[Event "Early-Titled-Tuesday-Blitz-August-29-2023"]
[Site "Chess.com"]
[Date "2023.08.29"]
[Round "6"]
[White "TrenerChos"]
[Black "AnujShrivatri21"]
[Result "1-0"]
[WhiteElo "2577"]
[BlackElo "2801"]
[TimeControl "180+1"]
[EndTime "9:03:04 PDT"]
[Termination "TrenerChos won by resignation"]

1. Nf3 f5 2. g3 Nf6 3. Bg2 g6 4. O-O Bg7 5. d3 d6 6. Nbd2 O-O 7. e4 e5 8. b3 Nc6 9. Bb2 Nh5 10. exf5 gxf5 11. Nxe5 Nxe5 12. Qxh5 Nf3+ 13. Nxf3 Bxb2 14. Rae1 Bf6 15. h4 Qd7 16. Ng5 c6 17. Re6 Be5 18. d4 Bxd4 19. Rfe1 Bf6 20. Bh3 Qg7 21. Rxd6 f4 22.
Bxc8 Raxc8 23. Ne6 Qe7 24. Red1 Rfe8 25. Nxf4 Rc7 26. Re6 1-0

[Event "Early-Titled-Tuesday-Blitz-August-29-2023"]
[Site "Chess.com"]
[Date "2023.08.29"]
[Round "6"]
[White "RAMBO1STBLOOD"]
[Black "HrvojeZagreb"]
[Result "1-0"]
[WhiteElo "2266"]
[BlackElo "2268"]
[TimeControl "180+1"]
[EndTime "9:03:08 PDT"]
[Termination "RAMBO1STBLOOD won by resignation"]

1. e4 c5 2. Nc3 g6 3. Bc4 Bg7 4. Qf3 e6 5. Nb5 Qb6 6. Qf4 Nh6 7. Nc7+ Ke7 8. Nxa8 Qd6 9. d3 Qxf4 10. Bxf4 Bxb2 11. Rb1 Bc3+ 12. Ke2 Ng4 13. Bxb8 d5 14. exd5 Ne5 15. d6+ 1-0

[Event "Early-Titled-Tuesday-Blitz-August-29-2023"]
[Site "Chess.com"]
[Date "2023.08.29"]
[Round "6"]
[White "JoshuaGK27"]
[Black "KejJaj"]
[Result "1-0"]
[WhiteElo "2412"]
[BlackElo "2161"]
[TimeControl "180+1"]
[EndTime "9:03:10 PDT"]
[Termination "JoshuaGK27 won by resignation"]

1. e4 c5 2. Nf3 d6 3. d4 cxd4 4. Nxd4 Nf6 5. Nc3 g6 6. Be3 Bg7 7. f3 O-O 8. Qd2 Nc6 9. O-O-O d5 10. exd5 Nxd5 11. Nxc6 bxc6 12. Bd4 Bxd4 13. Qxd4 Qb6 14.
Na4 Qc7 15. Bc4 Rd8 16. Bb3 Bb7 17. Nc5 a5 18. h4 Nb6 19. Qe3 a4 20. Bxf7+ Kxf7 21. Ne6 Rd2 22. Nxc7 1-0

[Event "Early-Titled-Tuesday-Blitz-August-29-2023"]
[Site "Chess.com"]
[Date "2023.08.29"]
[Round "6"]
[White "chess123456s"]
[Black "Cherneevo_23"]
[Result "1-0"]
[WhiteElo "2641"]
[BlackElo "2418"]
[TimeControl "180+1"]
[EndTime "9:03:13 PDT"]
[Termination "chess123456s won by resignation"]

1. e4 c5 2. Nf3 d6 3. d4 cxd4 4.
Nxd4 Nf6 5. Nc3 Nc6 6. Bg5 e6 7.
Qd2 a6 8. O-O-O Bd7 9. f4 b5 10. Bxf6 gxf6 11. Kb1 Qb6 12. Nxc6 Bxc6 13. f5 Qc5 14. Bd3 O-O-O 15. Ne2 Rg8 16. Nf4 e5 17. Nh5 Be7 18. Qh6 Rxg2 19. Nxf6 Bxf6 20. Qxf6 Rd7 21. Qh8+ Kc7 22. Qxh7 d5 23. exd5 Bxd5 24. Rhe1 e4 25. Bxe4 Bxe4 26. Rxd7+ Kxd7 27. Qxf7+ Kc6 28. Qe6+ Kc7 29.
Qxe4 Rxh2 30. f6 1-0

[Event "Early-Titled-Tuesday-Blitz-August-29-2023"]
[Site "Chess.com"]
[Date "2023.08.29"]
[Round "6"]
[White "DanielTitichoca"]
[Black "Kostya0705"]
[Result "0-1"]
[WhiteElo "2420"]
[BlackElo "2647"]
[TimeControl "180+1"]
[EndTime "9:03:22 PDT"]
[Termination "Kostya0705 won by resignation"]

1. c4 e5 2. Nc3 Nf6 3. Nf3 Nc6 4. g3 d5 5. cxd5 Nxd5 6. Bg2 Be6 7. O-O Be7 8. d3 O-O 9. Bd2 f6 10. Rc1 Nb6 11. a3 Nd4 12. Ne4 c6 13. Nc5 Bxc5 14.
Rxc5 Bg4 15. Nxd4 exd4 16. Re1 Re8 17. a4 Nd7 18. Qb3+ Be6 19. Qb4 Nxc5 20. Qxc5 Qb6 21. Qc1 Bb3 22. a5 Qb5 23. h4 Re7 24. g4 Rae8 25. Be4 Bd5 26. f3 Bxe4 27. fxe4 Qe5 28. Bf4 Qe6 29. g5 Qg4+ 30. Kh2 Qxh4+ 31. Kg2 Qg4+ 32.
Kh2 fxg5 33. Bxg5 Rf7 34. Rg1 Rf2+ 0-1

[Event "Early-Titled-Tuesday-Blitz-August-29-2023"]
[Site "Chess.com"]
[Date "2023.08.29"]
[Round "6"]
[White "tk22h"]
[Black "aranibos"]
[Result "1/2-1/2"]
[WhiteElo "2424"]
[BlackElo "2277"]
[TimeControl "180+1"]
[EndTime "9:03:25 PDT"]
[Termination "Game drawn by repetition"]

1. c4 e5 2. Nc3 Nf6 3. Nf3 e4 4.
Nd4 c6 5. g3 d5 6. cxd5 cxd5 7.
d3 Bc5 8. Nb3 Bb4 9. Bg2 d4 10.
a3 dxc3 11. axb4 cxb2 12. Bxb2 exd3 13. Qxd3 Qxd3 14. exd3 Nbd7 15. O-O O-O 16. Nc5 Nxc5 17. bxc5 a5 18. Rfe1 a4 19. Bxf6 gxf6 20. Re7 a3 21. Bxb7 Bxb7 22. Rxb7 Rfd8 23. Rb3 a2 24. Rc3 Kf8 25. Kf1 Rd5 26. Ke2 Ke7 27. Rc2 Kd7 28. Raxa2 Rxa2 29. Rxa2 Rxc5 30. Ra7+ Ke6 31. Ke3 Re5+ 32.
Kf3 Rf5+ 33. Ke3 Re5+ 34. Kd2 Rf5 35. f4 Rh5 36. h4 Rd5 37. g4 h5 38. gxh5 Rxh5 39.
Ke3 Rxh4 40. Ke4 f5+ 41. Ke3 Rh3+ 42. Ke2 Rh2+ 43. Ke3 Rh3+ 44. Ke2 Rh2+ 45. Ke3 Rh3+ 1/2-1/2

[Event "Early-Titled-Tuesday-Blitz-August-29-2023"]
[Site "Chess.com"]
[Date "2023.08.29"]
[Round "6"]
[White "zurzan"]
[Black "InitiatingASC"]
[Result "0-1"]
[WhiteElo "2087"]
[BlackElo "2344"]
[TimeControl "180+1"]
[EndTime "9:03:30 PDT"]
[Termination "InitiatingASC won by resignation"]

1. d4 Nf6 2. Nc3 c5 3. d5 d6 4. e4 g6 5. Bc4 Bg7 6. h3 O-O 7. Nf3 b5 8. Bxb5 Nxe4 9. O-O Nxc3 10. bxc3 Bxc3 11. Rb1 Ba6 12. a4 Bxb5 13. axb5 Nd7 14. Qd3 Bf6 15. Bh6 Re8 16. h4 Ne5 17. Nxe5 Bxe5 18. h5 Qd7 19. hxg6 hxg6 20. f4 Bd4+ 21. Rf2 Qf5 22. Qxf5 gxf5 23. Rb3 Bxf2+ 24. Kxf2 Kh7 25. Bg5 f6 26. Bh4 Rg8 27. Rh3 Kg6 28. Rg3+ Kf7 29. Rh3 Rh8 30. g3 a6 31. c4 axb5 32. cxb5 Ra2+ 33.
Ke3 Rha8 0-1

[Event "Early-Titled-Tuesday-Blitz-August-29-2023"]
[Site "Chess.com"]
[Date "2023.08.29"]
[Round "6"]
[White "The_Princess_Moon"]
[Black "queen_iryna"]
[Result "1/2-1/2"]
[WhiteElo "2194"]
[BlackElo "2345"]
[TimeControl "180+1"]
[EndTime "9:03:35 PDT"]
[Termination "Game drawn by repetition"]

1. e4 d6 2. Nf3 Nf6 3. Nc3 e5 4. d4 Nbd7 5. Bc4 Be7 6. Bb3 O-O 7. a4 c6 8. O-O h6 9. Re1 Re8 10. h3 Bf8 11. Be3 exd4 12. Bxd4 Qc7 13. Qd2 Ne5 14. Bxe5 dxe5 15. Nh4 Bd7 16. Rad1 Rad8 17. Qe3 b6 18. Qf3 Be6 19. Bxe6 Rxe6 20. Nf5 g6 21. Rxd8 Qxd8 22. Rd1 Qc7 23. Ne3 Rd6 24. Nc4 Rxd1+ 25. Qxd1 Bc5 26. Qd2 Bd4 27. Qxh6 Bxc3 28. bxc3 Nxe4 29. Qe3 Nc5 30. Nxe5 Nxa4 31. Ng4 Qd8 32. Qe5 Nc5 33. Nf6+ Kf8 34. Nh7+ Kg8 35. Nf6+ Kf8 36. Nh7+ Kg8 37. Nf6+ 1/2-1/2

[Event "Early-Titled-Tuesday-Blitz-August-29-2023"]
[Site "Chess.com"]
[Date "2023.08.29"]
[Round "6"]
[White "kacprekt"]
[Black "vi_pranav"]
[Result "0-1"]
[WhiteElo "2445"]
[BlackElo "2990"]
[TimeControl "180+1"]
[EndTime "9:03:43 PDT"]
[Termination "vi_pranav won by resignation"]

1. c4 e5 2. Nc3 Nc6 3. e3 Nf6 4.
Qc2 g6 5. a3 Bg7 6. d3 O-O 7.
Bd2 d5 8. cxd5 Nxd5 9. Nxd5 Qxd5 10. Bc3 Re8 11. Nf3 Nd4 12. Bxd4 exd4 13. e4 f5 14.
O-O-O fxe4 15. dxe4 Qxe4 16. Bc4+ Kh8 17. Qxe4 Rxe4 18.
Bd5 Re8 19. Rhe1 Rd8 20. Be4 Bf6 21. h4 Kg7 22. Ng5 c6 23. Kc2 a5 24. f3 a4 25. g4 Ra5 0-1

[Event "Early-Titled-Tuesday-Blitz-August-29-2023"]
[Site "Chess.com"]
[Date "2023.08.29"]
[Round "6"]
[White "Inepton_Fermion"]
[Black "Maus7"]
[Result "0-1"]
[WhiteElo "2373"]
[BlackElo "2514"]
[TimeControl "180+1"]
[EndTime "9:03:46 PDT"]
[Termination "Maus7 won by resignation"]

1. Nf3 d5 2. b3 Nf6 3. Bb2 Bf5 4. g3 e6 5. Bg2 Bd6 6. O-O O-O 7. d3 a5 8. a4 c6 9. Nbd2 Nbd7 10. e4 dxe4 11. dxe4 Bxe4 12. Nxe4 Nxe4 13. Nh4 Ndf6 14. Re1 Nc5 15. Bxf6 gxf6 16. Qg4+ Kh8 17. Rad1 Qe7 18. Qh5 Be5 19. f4 Bc3 20. Re3 Bb2 21. Rb1 Bd4 22. Nf5 exf5 0-1

[Event "Early-Titled-Tuesday-Blitz-August-29-2023"]
[Site "Chess.com"]
[Date "2023.08.29"]
[Round "6"]
[White "miraitrunks"]
[Black "Khromkin"]
[Result "0-1"]
[WhiteElo "1979"]
[BlackElo "2325"]
[TimeControl "180+1"]
[EndTime "9:03:49 PDT"]
[Termination "Khromkin won by resignation"]

1. e4 c5 2. Nf3 Nc6 3. d4 cxd4 4. Nxd4 g6 5. Nxc6 bxc6 6. Qd4 Nf6 7. e5 Nd5 8. c4 Nb4 9. Na3 Bg7 10. c5 Nd5 11.
Nc4 O-O 12. Be2 d6 13. O-O Ba6 14. Rd1 dxe5 15. Qh4 Qc7 16. Bh6 Rad8 17. Bxg7 Kxg7 18. Rac1 Nf4 19. Bf1 Rxd1 20. Rxd1 Rd8 21. Re1 Rd4 22. Nxe5 Ne2+ 23. Rxe2 Rxh4 0-1

[Event "Early-Titled-Tuesday-Blitz-August-29-2023"]
[Site "Chess.com"]
[Date "2023.08.29"]
[Round "6"]
[White "Roedor"]
[Black "CheckThis4"]
[Result "1/2-1/2"]
[WhiteElo "2430"]
[BlackElo "2656"]
[TimeControl "180+1"]
[EndTime "9:03:51 PDT"]
[Termination "Game drawn by repetition"]

1. d4 Nf6 2. c4 e5 3. dxe5 Ng4 4.
Nf3 Bc5 5. e3 Nc6 6. Nc3 O-O 7.
Be2 Re8 8. O-O a5 9. Nd5 Bf8 10. b3 Ncxe5 11. Nxe5 Nxe5 12. f4 Nc6 13. Bb2 Nb4 14.
Bh5 Ra6 15. f5 Nxd5 16. Bxf7+ Kxf7 17. Qxd5+ Ke7 18. Qe5+ Kf7 19. Qd5+ Ke7 20. Qe5+ Kf7 21. Qd5+ 1/2-1/2

[Event "Early-Titled-Tuesday-Blitz-August-29-2023"]
[Site "Chess.com"]
[Date "2023.08.29"]
[Round "6"]
[White "superfast64"]
[Black "BlitzWizard04"]
[Result "1-0"]
[WhiteElo "2439"]
[BlackElo "2579"]
[TimeControl "180+1"]
[EndTime "9:03:56 PDT"]
[Termination "superfast64 won by resignation"]

1. d4 Nf6 2. Bf4 e6 3. e3 b6 4. Bd3 Bb7 5. Nf3 Be7 6. Nbd2 O-O 7. c3 c5 8. O-O d6 9. a4 a6 10. h3 Nbd7 11. Bh2 Re8 12. Qe2 d5 13. Ne5 Nxe5 14.
Bxe5 Bd6 15. Bxd6 Qxd6 16. f4 c4 17. Bc2 b5 18. e4 dxe4 19. Nxe4 Nxe4 20. Bxe4 Bxe4 21.
Qxe4 b4 22. f5 bxc3 23. bxc3 Rab8 24. Rab1 Rb3 25. Rxb3 cxb3 26. fxe6 Rxe6 27. Qa8+ Qf8 28. Qxf8+ Kxf8 29. Rb1 Rb6 30. Kf2 Ke7 31. Ke3 Kd7 32. Kd3 Rg6 33. Rb2 Kc6 34. Kc4 a5 35. Kxb3 Kd5 36.
Re2 Rb6+ 37. Kc2 Kc4 38. Re5 Rc6 39. Rxa5 g6 40. g4 Rc8 41. g5 Rc6 42. h4 Rc8 43. Re5 Rc7 44. a5 Rc8 45. a6 Rc7 46. a7 1-0

[Event "Early-Titled-Tuesday-Blitz-August-29-2023"]
[Site "Chess.com"]
[Date "2023.08.29"]
[Round "6"]
[White "SaqoChess_Twitch"]
[Black "Sinquefield"]
[Result "1-0"]
[WhiteElo "2619"]
[BlackElo "2433"]
[TimeControl "180+1"]
[EndTime "9:03:58 PDT"]
[Termination "SaqoChess_Twitch won by checkmate"]

1. d4 d6 2. Nf3 Nf6 3. e3 Nbd7 4. Be2 e5 5. dxe5 dxe5 6. O-O Be7 7. b3 O-O 8. Bb2 e4 9. Nfd2 c6 10. c4 Qc7 11.
Nc3 Nc5 12. b4 Nd3 13. Bxd3 exd3 14. a3 Ng4 15. g3 Qe5 16. Nf3 Qf6 17. Nd5 Qxb2 18.
Nxe7+ Kh8 19. Nxc8 Raxc8 20. Qxd3 Nf6 21. Rfb1 Rcd8 22.
Qxh7+ Kxh7 23. Rxb2 Rd3 24. Ne5 Rd6 25. c5 Rd5 26. Nc4 Rfd8 27. Nd6 Rd7 28. Rc1 b6 29. Rbc2 bxc5 30. bxc5 Rd3 31. Rc3 Rd2 32. Rc4 Kg6 33.
Ne4 Ra2 34. Nxf6 Kxf6 35. Rf4+ Kg6 36. Rg4+ Kh5 37. Rxg7 Rxa3 38. Rc4 Ra1+ 39. Kg2 Ra2 40. Rh4# 1-0

[Event "Early-Titled-Tuesday-Blitz-August-29-2023"]
[Site "Chess.com"]
[Date "2023.08.29"]
[Round "6"]
[White "amintabatabaei"]
[Black "Bauman_Guy"]
[Result "1-0"]
[WhiteElo "2950"]
[BlackElo "2801"]
[TimeControl "180+1"]
[EndTime "9:04:06 PDT"]
[Termination "amintabatabaei won by resignation"]

1. e4 c5 2. Nf3 d6 3. d4 Nf6 4. Nc3 cxd4 5. Nxd4 a6 6. Bg5 Nbd7 7. Bc4 Qb6 8. Bb3 e6 9. Bxf6 Nxf6 10. Qd2 Be7 11. O-O-O Qc7 12. f4 b5 13. e5 b4 14.
Ncb5 axb5 15. Nxb5 Qb6 16. exf6 Bxf6 17. Nxd6+ Kf8 18.
f5 h6 19. Kb1 Bg5 20. Qe2 Ba6 21. Qf3 Ra7 22. fxe6 1-0

[Event "Early-Titled-Tuesday-Blitz-August-29-2023"]
[Site "Chess.com"]
[Date "2023.08.29"]
[Round "6"]
[White "Vesper2018"]
[Black "19912131712118"]
[Result "1-0"]
[WhiteElo "2603"]
[BlackElo "2436"]
[TimeControl "180+1"]
[EndTime "9:04:08 PDT"]
[Termination "Vesper2018 won by resignation"]

1. e4 c5 2. Nc3 Nc6 3. Bb5 Nd4 4. Bc4 e6 5. Nf3 a6 6. a4 Nf6 7. O-O Nxf3+ 8. Qxf3 d6 9. Rd1 Nd7 10. Qg3 Ne5 11. Ba2 h5 12. f4 h4 13. Qf2 Nc6 14. f5 exf5 15. exf5 Be7 16. Nd5 Bf6 17. Re1+ Kf8 18. c3 b5 19. d3 Bb7 20. Bf4 Be5 21. Bxe5 Nxe5 22. Rxe5 dxe5 23. Qxc5+ Kg8 24. Ne7+ Kh7 25.
Bxf7 Rf8 26. Bg6+ Kh8 27. Qxe5 Qxd3 28. f6 Qxg6 29. Nxg6+ Kh7 30. Qh5+ 1-0

[Event "Early-Titled-Tuesday-Blitz-August-29-2023"]
[Site "Chess.com"]
[Date "2023.08.29"]
[Round "6"]
[White "DanilNajdin"]
[Black "MatthewG-p4p"]
[Result "0-1"]
[WhiteElo "2563"]
[BlackElo "2846"]
[TimeControl "180+1"]
[EndTime "9:04:13 PDT"]
[Termination "MatthewG-p4p won by resignation"]

1. d4 Nf6 2. c4 c5 3. d5 e6 4. Nc3 exd5 5. cxd5 d6 6. e4 g6 7. h3 Bg7 8. Nf3 O-O 9. Bd3 Nbd7 10. O-O Re8 11. Re1 Ne5 12. Be2 Nxf3+ 13. Bxf3 a6 14. a4 Nd7 15. Bf4 Ne5 16. Be2 Rb8 17. Bh2 Qc7 18. f4 Nd7 19. Bc4 Nb6 20. Ba2 c4 21.
e5 Bf5 22. a5 Nd7 23. Ne4 dxe5 24. Rc1 exf4 25. Rxc4 Qxa5 26. Bxf4 Qxa2 27. Ra4 Qxb2 28. Bxb8 Rxb8 29. Nd6 Qb6+ 0-1

[Event "Early-Titled-Tuesday-Blitz-August-29-2023"]
[Site "Chess.com"]
[Date "2023.08.29"]
[Round "6"]
[White "AdvanceGuard4"]
[Black "Alexander_Donchenko"]
[Result "1-0"]
[WhiteElo "2642"]
[BlackElo "2840"]
[TimeControl "180+1"]
[EndTime "9:04:15 PDT"]
[Termination "AdvanceGuard4 won by resignation"]

1. d4 Nf6 2. Nf3 g6 3. g3 Bg7 4. Bg2 b6 5. O-O Bb7 6. c4 O-O 7. Nc3 Ne4 8. Bd2 d6 9. Rc1 Nd7 10. d5 Nxd2 11. Qxd2 e5 12. dxe6 fxe6 13. Nd4 Bxg2 14.
Kxg2 Qf6 15. Ndb5 Ne5 16. b3 Rf7 17. f4 Nc6 18. Ne4 Qf5 19. Ng5 Re7 20. e4 Qc5 21. Nxc7 Rc8 22. Ncxe6 Qa3 23. Nxg7 Kxg7 24. f5 Rf8 25. Ne6+ Rxe6 26. fxe6 Re8 27. Rf7+ Kg8 28. Qh6 Qb2+ 29. Kh3 Qh8 30. Rcf1 1-0

[Event "Early-Titled-Tuesday-Blitz-August-29-2023"]
[Site "Chess.com"]
[Date "2023.08.29"]
[Round "6"]
[White "sokidze"]
[Black "brm72"]
[Result "1/2-1/2"]
[WhiteElo "2760"]
[BlackElo "2555"]
[TimeControl "180+1"]
[EndTime "9:04:17 PDT"]
[Termination "Game drawn by agreement"]

1. e4 c5 2. Nf3 Nc6 3. Bb5 e5 4. O-O Nge7 5. c3 g6 6. d4 exd4 7. cxd4 cxd4 8. Nxd4 Bg7 9. Be3 O-O 10. Nc3 d5 11. Bxc6 bxc6 12. exd5 Nxd5 13. Nxc6 Nxe3 14. Qxd8 Rxd8 15. fxe3 Re8 16. Rfe1 Bd7 17. Na5 Rab8 18. Nb3 a5 19. Rad1 Be6 20. Nd5 a4 21. Nc5 Bxd5 22.
Rxd5 Rxb2 23. Nxa4 Rxa2 1/2-1/2

[Event "Early-Titled-Tuesday-Blitz-August-29-2023"]
[Site "Chess.com"]
[Date "2023.08.29"]
[Round "6"]
[White "YEIKO2017"]
[Black "wannabe2700"]
[Result "0-1"]
[WhiteElo "2462"]
[BlackElo "2642"]
[TimeControl "180+1"]
[EndTime "9:04:22 PDT"]
[Termination "wannabe2700 won by resignation"]

1. e4 Nc6 2. Nf3 d6 3. d4 g6 4. Bb5 Bg7 5. d5 a6 6. Ba4 b5 7.
Bb3 Na5 8. O-O Nf6 9. Re1 O-O 10. Bd2 c5 11. dxc6 Nxb3 12. axb3 Qc7 13. Bc3 e5 14. Bb4 Ne8 15. Nc3 Qxc6 16. Nd5 Kh8 17. Qd3 f5 18.
Ne7 Qb7 19. Nxc8 Rxc8 20. Ng5 Qe7 21. f4 exf4 22. h4 h6 23. exf5 Qa7+ 24. Kh1 hxg5 25. fxg6 Qf2 26. hxg5 Qh4+ 27. Kg1 f3 28. Re4 f2+ 29.
Kf1 Qh1+ 30. Ke2 f1=Q+ 0-1

[Event "Early-Titled-Tuesday-Blitz-August-29-2023"]
[Site "Chess.com"]
[Date "2023.08.29"]
[Round "6"]
[White "CrazyAdvenTures"]
[Black "HansOnTwitch"]
[Result "0-1"]
[WhiteElo "2688"]
[BlackElo "2914"]
[TimeControl "180+1"]
[EndTime "9:04:29 PDT"]
[Termination "HansOnTwitch won by resignation"]

1. e4 c5 2. Nc3 Nc6 3. Bb5 Nd4 4.
Nf3 e6 5. O-O a6 6. Bd3 Nc6 7.
b3 g5 8. Bb2 Bg7 9. Na4 Bxb2 10.
Nxb2 g4 11. Ne1 h5 12. f4 d6 13. Nc4 b5 14. Ne3 Nf6 15. c3 Bb7 16. Kh1 Ne7 17.
Qc2 Qc7 18. a4 Qc6 19. e5 dxe5 20. fxe5 Nd7 21. axb5 axb5 22. Rxa8+ Bxa8 23. Qa2 O-O 24. Qa5 Rb8 25. Qa7 Bb7 26. N1c2 Ra8 0-1

[Event "Early-Titled-Tuesday-Blitz-August-29-2023"]
[Site "Chess.com"]
[Date "2023.08.29"]
[Round "6"]
[White "borocotoajua"]
[Black "hurricane7791"]
[Result "1-0"]
[WhiteElo "2488"]
[BlackElo "2675"]
[TimeControl "180+1"]
[EndTime "9:04:31 PDT"]
[Termination "borocotoajua won by resignation"]

1. d4 Nf6 2. Nf3 e6 3. c4 d5 4. g3 dxc4 5. Bg2 Nbd7 6. O-O Rb8 7.
Qc2 b5 8. b3 cxb3 9. axb3 a6 10. Nbd2 Bb7 11. Bb2 Rc8 12. Ne5 Bxg2 13. Kxg2 c5 14.
Rfc1 Nxe5 15. dxe5 Nd5 16. Ne4 Be7 17. Qd2 Qb6 18.
Nd6+ Bxd6 19. exd6 O-O 20. e4 Nb4 21. Bxg7 f6 22.
Bxf8 Rxf8 23. Qf4 Kh8 24. Rd1 Nc2 25. d7 Nd4 26. b4 e5 27. Qh6 Kg8 28. bxc5 Qc6 29.
Qxf8+ Kxf8 30. d8=Q+ Kg7 31. Qd5 Qc8 32. Rxd4 exd4 33.
Qxd4 1-0

[Event "Early-Titled-Tuesday-Blitz-August-29-2023"]
[Site "Chess.com"]
[Date "2023.08.29"]
[Round "6"]
[White "DarZay"]
[Black "Fleetw00dMac"]
[Result "1-0"]
[WhiteElo "2286"]
[BlackElo "2408"]
[TimeControl "180+1"]
[EndTime "9:04:39 PDT"]
[Termination "DarZay won by resignation"]

1. e4 e5 2. Nf3 Nc6 3. Bc4 Bc5 4. d3 Nf6 5. c3 a6 6. Bb3 Ba7 7.
O-O O-O 8. h3 d5 9. Qe2 d4 10.
Rd1 Bc5 11. Nbd2 b5 12. Nf1 Be7 13. Ng3 Na5 14. Bc2 Nc6 15. Bd2 Re8 16. cxd4 Nxd4 17. Nxd4 exd4 18. Bb3 Be6 19. Bxe6 fxe6 20. f4 c5 21.
Rac1 Rc8 22. e5 Nd5 23. Qg4 Bf8 24. Rf1 Kh8 25. Ne4 c4 26. Ng5 Qd7 27. f5 exf5 28.
Rxf5 Rcd8 29. Rcf1 Bc5 30. e6 Qe7 31. Nf7+ Kg8 32.
Nh6+ Kh8 33. Rf7 1-0

[Event "Early-Titled-Tuesday-Blitz-August-29-2023"]
[Site "Chess.com"]
[Date "2023.08.29"]
[Round "6"]
[White "AlejandroArias"]
[Black "KChor05TTV"]
[Result "0-1"]
[WhiteElo "2331"]
[BlackElo "2597"]
[TimeControl "180+1"]
[EndTime "9:04:40 PDT"]
[Termination "KChor05TTV won by checkmate"]

1. e4 c5 2. Nf3 Nc6 3. Bb5 Qb6 4. Bxc6 Qxc6 5. Nc3 e6 6. O-O Nf6 7. e5 Nd5 8. Ne4 Be7 9. d3 O-O 10. c4 Nc7 11.
Bg5 f6 12. exf6 gxf6 13. Bf4 d5 14. Nc3 e5 15. cxd5 Nxd5 16. Bh6 Rf7 17. Qe2 Bg4 18. Qe4 Be6 19. Nh4 f5 20. Nxf5 Rxf5 21. Qg4+ Rg5 22. Nxd5 Qxd5 23. Qh4 Qxg2# 0-1

[Event "Early-Titled-Tuesday-Blitz-August-29-2023"]
[Site "Chess.com"]
[Date "2023.08.29"]
[Round "6"]
[White "Vaibhavraut99"]
[Black "salzikis"]
[Result "1-0"]
[WhiteElo "2568"]
[BlackElo "2416"]
[TimeControl "180+1"]
[EndTime "9:04:41 PDT"]
[Termination "Vaibhavraut99 won by resignation"]

1. Nf3 Nf6 2. g3 d5 3. Bg2 Nc6 4. d4 Bf5 5. c4 e6 6. Nc3 h6 7.
O-O Be7 8. Ne5 O-O 9. Nxc6 bxc6 10. c5 e5 11. dxe5 Ng4 12. e4 dxe4 13. Nxe4 Nxe5 14.
Bf4 Ng6 15. Qxd8 Bxd8 16. Be3 Rb8 17. b3 Ne7 18. Nc3 Ng6 19. Bxc6 Bf6 20. Rac1 Ne5 21. Be4 Nd3 22. Bxf5 Nxc1 23. Rxc1 Rfd8 24. Bf4 Bxc3 25. Rxc3 Rd5 26. Be4 Rd7 27. c6 Re7 28. Bf5 g5 29. Be3 a6 30. Bd7 Rb5 31. Rc4 f6 32.
Bc5 Re5 33. b4 a5 34. a4 Rb8 35. b5 Kf7 36. b6 Re1+ 37. Kg2 cxb6 38. Bd6 1-0

[Event "Early-Titled-Tuesday-Blitz-August-29-2023"]
[Site "Chess.com"]
[Date "2023.08.29"]
[Round "6"]
[White "Pax-Pramana"]
[Black "a-z30"]
[Result "1-0"]
[WhiteElo "2491"]
[BlackElo "2354"]
[TimeControl "180+1"]
[EndTime "9:04:45 PDT"]
[Termination "Pax-Pramana won on time"]

1. d4 d6 2. e4 Nf6 3. Bd3 g6 4. h4 h6 5. e5 dxe5 6. dxe5 Ng4 7. Bf4 Nc6 8. Qe2 Bg7 9. Nf3 Nd4 10. Qe4 c5 11. Na3 O-O 12. O-O-O Bf5 13. Qe1 Bxd3 14. Rxd3 Qd5 15. c4 Nxf3 16. Rxd5 Nxe1 17. Rxe1 b6 18.
f3 1-0

[Event "Early-Titled-Tuesday-Blitz-August-29-2023"]
[Site "Chess.com"]
[Date "2023.08.29"]
[Round "6"]
[White "ajedrezhoy"]
[Black "mapleaff"]
[Result "0-1"]
[WhiteElo "2425"]
[BlackElo "2303"]
[TimeControl "180+1"]
[EndTime "9:04:48 PDT"]
[Termination "mapleaff won by resignation"]

1. c4 e6 2. Nf3 Nf6 3. e3 d5 4. b3 b6 5. Bb2 Bb7 6. Nc3 Be7 7. d4 O-O 8. Be2 c5 9. O-O cxd4 10. Nxd4 dxc4 11.
Bxc4 Nc6 12. Ba6 Bxa6 13. Nxc6 Qc7 14. Nxe7+ Qxe7 15. Re1 Rfd8 16. Qf3 Bb7 17. Qg3 Nh5 18. Qg4 Nf6 19. Qh4 Rd2 20. Rab1 Rc8 21. Na4 Rcc2 22.
Rf1 b5 23. Bxf6 Qxf6 24. Qg3 bxa4 25. Qb8+ Bc8 26. Qxa7 axb3 27. Rxb3 Rxf2 0-1